cohdb
Replays
Latest Replays
All Replays
Popular Replays
Top Player Replays
Match Explorer
How It Works
Community
CoH3 Stats
Reddit
Sign in to upload your games and track your stats! →
Sign in with Steam
Match 47076053
Unlisted
Match 47076053
Overview
Messages
Build Orders
End
Construct Barracks
Engineer Squad
Riflemen Squad
Selects Heavy Weapons
Riflemen Squad
Grenade Package
Construct Weapon Support Center
M1919 Machine Gun Team
Selects M2HB .50cal Heavy Machine Gun
Construct Medical Station
Infantry Support Center
M3 Armored Personnel Carrier
M3 Armored Personnel Carrier
Selects Assault Carriers
Advanced Logistics
Selects Exchangeable Parts
Survival Training
Riflemen Squad
M1 Mortar Team
M1918 Browning Automatic Rifles
M1919 Machine Gun Team
M3 Assault Carrier
Improved M9 Bazooka Rockets
Bazooka Squad
Bazooka Squad
Bazooka Squad
Riflemen Squad
M1919 Machine Gun Team
Selects M26 Pershing Heavy Tank
M26 Pershing Heavy Tank
Engineer Squad
Engineer Squad
Bazooka Squad
~TAB~ THUND3RCHUNKY
Diesel
FrodoBagginYa
活结大王的崛起
0
0
Comments
sign in to comment!
No comments posted yet!